[Event "*** Titled Tuesday Blitz"]
[Site "Chess.com"]
[Date "2020.04.14"]
[Round "9"]
[White "GusKan67"]
[Black "PowerThinking2650"]
[Result "1-0"]
[WhiteElo "2409"]
[BlackElo "2214"]
[TimeControl "180+1"]
[EndTime "11:44:02 PDT"]
[Termination "GusKan67 won by checkmate"]

1. d4 Nf6 2. Nf3 g6 3. c4 Bg7 4. Nc3 O-O 5. e4 d6 6. Be2 e5 7.
d5 a5 8. Be3 Ng4 9. Bg5 f6 10.
Bh4 g5 11. Bg3 Nh6 12. Nd2 f5 13. exf5 Nxf5 14. Nde4 Na6 15. Bg4 b6 16. Bxf5 Bxf5 17. Qh5 h6 18. h4 g4 19. f3 Qd7 20. O-O Nb4 21. Rad1 Nc2 22. Bf2 gxf3 23. Qxf3 Bg4 24.
Qg3 Bxd1 25. Rxd1 Rf4 26. Qd3 Nd4 27. Re1 Raf8 28. Qg3 Rg4 29. Qh3 Qf5 30. Re3 Qg6 31. h5 Qf5 32. Kh1 Kh8 33. Bg1 Rf4 34. Qxf5 Nxf5 35.
Rh3 Rf1 36. g4 Nd4 37. Kg2 Rc1 38. g5 Rc2+ 39. Bf2 Rf4 40. gxh6 Bxh6 41. Rg3 Rf5 42. Rg6 Rxh5 43. Kf1 Bg7 44. Ng5 Rh4 45. Bxh4 Bh6 46. Nf7+ Kh7 47. Rxh6+ Kg7 48. Rf6 Ne2 49. Rf2 Ng3+ 50.
Bxg3 Rc1+ 51. Kg2 Rb1 52. Ng5 Rc1 53. Ne6+ Kg6 54. Ne4 Kh6 55. Rf6+ Kh5 56. N4g5 Kg4 57. Ne4 Rc2+ 58. Nf2+ Kh5 59. Rf5+ Kg6 60. Rg5+ Kf7 61. Bh4 e4 62. Rg7+ Ke8 63. Re7# 1-0

[Event "*** Titled Tuesday Blitz"]
[Site "Chess.com"]
[Date "2020.04.14"]
[Round "9"]
[White "lupta_robin"]
[Black "AndrewMaco"]
[Result "0-1"]
[WhiteElo "2473"]
[BlackElo "2613"]
[TimeControl "180+1"]
[EndTime "11:44:03 PDT"]
[Termination "AndrewMaco won by resignation"]

1. e4 c6 2. d4 d5 3. Nc3 dxe4 4. Nxe4 Nf6 5. Nxf6+ exf6 6. c3 Bd6 7. Qc2 O-O 8. Bd3 Re8+ 9. Ne2 h5 10. Be3 Nd7 11. O-O-O Nf8 12. Kb1 Be6 13. Nf4 Bxf4 14. Bxf4 b5 15.
Rhe1 a5 16. c4 bxc4 17. Bxc4 Qd7 18. Qa4 Bxc4 19. Qxc4 Ne6 20. Be3 Nc7 21. Rc1 Re6 22.
Qe2 g6 23. Qf3 Nd5 24. Bd2 a4 25. Red1 a3 26. b3 Rae8 27. Rc4 Re2 28. Rc2 Qe6 29. Bc1 Rxc2 30. Kxc2 Nb4+ 31. Kb1 Qe2 32. Qxe2 Rxe2 33. Bxa3 Nxa2 34. Bb2 Nb4 35. Rf1 Nd3 36. Bc3 Nxf2 37. d5 cxd5 38. Bxf6 Ne4 39. Kc1 Rxg2 40. b4 Rxh2 41.
b5 Ra2 42. b6 Ra6 43. Bd8 Ra5 44. Kc2 Rb5 45. Rb1 Rxb1 46. Kxb1 Nc5 47. Kc2 f5 48. Kc3 Na4+ 49. Kd4 Nxb6 50. Bxb6 h4 51. Kxd5 Kf7 52.
Bc5 Kf6 53. Kd4 Kg5 54. Ke3 Kg4 55. Kf2 f4 56. Kg1 g5 57. Kf2 h3 58. Bd6 Kf5 59. Kf3 g4+ 60. Kf2 Ke4 61. Kg1 g3 62. Kh1 Kf3 63. Bc7 Kf2 64. Bb6+ Kf1 65. Ba7 f3 66. Bb6 g2+ 67. Kh2 f2 0-1

[Event "*** Titled Tuesday Blitz"]
[Site "Chess.com"]
[Date "2020.04.14"]
[Round "9"]
[White "hongnhung1234"]
[Black "FeketeBarika"]
[Result "1/2-1/2"]
[WhiteElo "2150"]
[BlackElo "2268"]
[TimeControl "180+1"]
[EndTime "11:44:03 PDT"]
[Termination "Game drawn - insufficient material"]

1. e4 e6 2. d4 d5 3. Nc3 Nf6 4. e5 Nfd7 5. Nce2 c5 6. c3 Nc6 7. f4 cxd4 8. cxd4 Bb4+ 9. Bd2 Qa5 10. Nf3 O-O 11. Bxb4 Nxb4 12. Nc3 f6 13. a3 Nc6 14.
Bd3 fxe5 15. fxe5 Qb6 16. Bxh7+ Kxh7 17. Ng5+ Kg6 18. Nxe6 Ndxe5 19. Nxf8+ Kh6 20. Qd2+ g5 21. dxe5 Nxe5 22. Nxd5 Qb3 23. h4 Nd3+ 24. Kf1 Qxd5 25. hxg5+ Kg7 26. Qc3+ Ne5 27. Rh7+ Kxf8 28. Kg1 Kg8 29. Rh6 Bf5 30. Re1 Nf7 31. Rf6 Rd8 32. Qf3 Qxf3 33. gxf3 Bc2 34. g6 Ng5 35. Re7 Rf8 36.
Rxf8+ Kxf8 37. Rxb7 Bxg6 38. Rxa7 Nxf3+ 39. Kf2 Nd4 40. b4 Be8 41. Ra8 Ke7 42. Ke3 Nb5 43. Rb8 Nd6 44. b5 Nxb5 45. a4 Nc7 46. a5 Kd6 47. Rb7 Bc6 48. Rb8 Na6 49. Rh8 Kc5 50. Kd3 Kb5 51. Rh5+ Ka4 52. Kc3 Bb5 53. Kb2 Kxa5 54.
Kb3 Kb6 55. Rh6+ Bc6 56. Kc4 Nc7 57. Kd4 Nb5+ 58. Kc4 Nc7 59. Rh7 Nb5 60. Kb4 Nc7 61.
Rxc7 Kxc7 1/2-1/2

[Event "*** Titled Tuesday Blitz"]
[Site "Chess.com"]
[Date "2020.04.14"]
[Round "9"]
[White "GadimbayliA"]
[Black "Zavgorodniy_Serg"]
[Result "1-0"]
[WhiteElo "2912"]
[BlackElo "2760"]
[TimeControl "180+1"]
[EndTime "11:44:05 PDT"]
[Termination "GadimbayliA won by resignation"]

1. e4 e5 2. Nf3 d6 3. d4 exd4 4. Nxd4 Nf6 5. Nc3 Be7 6. Be2 O-O 7. O-O Re8 8. f4 Bf8 9. Bf3 c6 10. Kh1 Nbd7 11. Re1 Qc7 12. Be3 Nc5 13. Bg1 a5 14. a4 Nfd7 15. Qe2 Nb8 16. Qf2 Nba6 17. Re2 Nb4 18.
Rae1 Bd7 19. Qg3 Rad8 20. Nf5 Bxf5 21. exf5 Rxe2 22. Rxe2 Nd7 23. Bd4 Kh8 24. Ne4 f6 25.
Bh5 d5 26. Nc3 Bc5 27. Bxc5 Nxc5 28. Qe3 Qd6 29. Qd4 Nd7 30. Nd1 Qc5 31. Qd2 Nf8 32.
c3 Na6 33. Nf2 Nc7 34. Nd3 Qd6 35. Bf3 Re8 36. Rxe8 Nxe8 37. Qe3 Nc7 38. Qb6 h6 39. Qxb7 Nd7 40. Qc8+ Nf8 41. Qb8 c5 42. g3 Kh7 43.
Kg2 c4 44. Nc1 Nd7 45. Qa7 Nc5 46. Qxa5 d4 47. cxd4 Qxd4 48. Qxc7 Qd2+ 49. Ne2 Nd3 50. Qxc4 Qe3 51. Qd4 Ne1+ 52. Kf1 Qxf3+ 53. Kxe1 Qh1+ 54. Kd2 Qxh2 55. Qc3 h5 56. a5 h4 57. gxh4 Qxh4 58.
a6 Qg4 59. a7 Qxf5 60. Qd3 Qxd3+ 61. Kxd3 1-0

[Event "*** Titled Tuesday Blitz"]
[Site "Chess.com"]
[Date "2020.04.14"]
[Round "9"]
[White "GMMatamoros"]
[Black "Riazantsev"]
[Result "1/2-1/2"]
[WhiteElo "2525"]
[BlackElo "2631"]
[TimeControl "180+1"]
[EndTime "11:44:05 PDT"]
[Termination "Game drawn - insufficient material"]

1. Nf3 d5 2. g3 Nd7 3. d4 Nb6 4. Bg2 Nf6 5. O-O Bf5 6. b3 e6 7.
Bb2 Be7 8. Nbd2 h5 9. c4 c6 10. cxd5 cxd5 11. a4 a5 12. Re1 h4 13. Nxh4 Bg4 14.
Nhf3 Bxf3 15. exf3 g5 16. Qe2 Nbd7 17. Rec1 Qb6 18. Qb5 Qxb5 19. axb5 Bb4 20. Nb1 Ke7 21. Nc3 Ne8 22. Na4 Nd6 23. Bf1 b6 24. Rc6 Rab8 25. Rac1 Rhc8 26. Bd3 f5 27. R1c2 f4 28. Bc1 Rf8 29.
Kg2 Rf7 30. Rc7 Ne8 31. Ra7 Kd8 32. Rc6 Rf6 33. h4 gxh4 34. Bxf4 Rxf4 35. gxf4 Bd6 36.
f5 e5 37. Rxd7+ Kxd7 38. Nxb6+ Ke7 39. Nxd5+ Kf7 40. dxe5 Bxe5 41. f4 Bd4 42. Bc4 Kg7 43.
Rg6+ Kf8 44. Rh6 Rc8 45. f6 a4 46. Rh8+ Kf7 47. Ne7+ Rxc4 48. bxc4 a3 49. Rh7+ Kxf6 50. Nd5+ Kg6 51. Re7 a2 52. Re1 a1=Q 53. Rxa1 Bxa1 54. c5 Bd4 55. b6 Bxc5 56. b7 Bd6 57. Ne7+ Kf6 58.
Nc6 Bxf4 59. Kh3 Kg5 60. b8=Q Bxb8 61. Nxb8 Ng7 62. Nd7 Nf5 63. Ne5 Kf4 64. Ng6+ Kf3 65. Nxh4+ Nxh4 66. Kxh4 Kxf2 1/2-1/2

[Event "*** Titled Tuesday Blitz"]
[Site "Chess.com"]
[Date "2020.04.14"]
[Round "9"]
[White "malandragem"]
[Black "DaggiGretarsson"]
[Result "0-1"]
[WhiteElo "2520"]
[BlackElo "2645"]
[TimeControl "180+1"]
[EndTime "11:44:08 PDT"]
[Termination "DaggiGretarsson won by resignation"]

1. e4 g6 2. d4 Bg7 3. Nc3 d6 4. Be3 a6 5. Qd2 b5 6. Bd3 Nd7 7. Nf3 Bb7 8. a4 b4 9. Ne2 c5 10. d5 Bxb2 11. O-O Bxa1 12. Rxa1 Ngf6 13. h4 h5 14. Ng3 Ng4 15. Bf4 Qc7 16. a5 Rb8 17.
Bc4 Nde5 18. Bxe5 Nxe5 19. Nxe5 dxe5 20. Qg5 Qd6 21. Ne2 Bc8 22. f4 f6 23. Qxg6+ Kd8 24. Qg7 Re8 25. f5 Kc7 26. Qh6 Bd7 27. Qxh5 Rh8 28. Qg4 Rbg8 29. Qh3 Be8 30. Kf2 Bh5 31.
Rh1 Rg4 32. Qe3 Rhg8 33. g3 Rh8 34. Rg1 Kb7 35. Nc1 Rc8 36. Nd3 Rgg8 37. Nb2 Qd7 38. Rb1 Qc7 39. d6 exd6 40. Bd5+ Ka7 41. Nc4 Bf7 42. Bxf7 Qxf7 43. Nxd6 Qa2 44. Rd1 Qxc2+ 45. Rd2 Qa4 46. Nxc8+ Rxc8 47. Rd6 Qxa5 48. Qh6 Qc7 49. Qxf6 Qb7 50. Qe6 Rc7 51. f6 b3 52. Rxa6+ Qxa6 53. Qxb3 Qxf6+ 54. Kg2 Rf7 55. Qa3+ Kb7 56. Qb2+ Kc7 57.
Qe2 Qd6 58. Kh3 Qe6+ 59. Kg2 c4 60. Qe3 Kd7 61. Qc5 Ke8 62. Qc8+ Qxc8 0-1

[Event "*** Titled Tuesday Blitz"]
[Site "Chess.com"]
[Date "2020.04.14"]
[Round "9"]
[White "TregubovP"]
[Black "EugeneRougon"]
[Result "0-1"]
[WhiteElo "2508"]
[BlackElo "2685"]
[TimeControl "180+1"]
[EndTime "11:44:08 PDT"]
[Termination "EugeneRougon won by resignation"]

1. e4 d6 2. d4 Nf6 3. Nc3 g6 4. Nf3 Bg7 5. Be2 O-O 6. O-O a6 7. Re1 e6 8. Bf1 b5 9. h3 Bb7 10. a3 Nbd7 11. Bf4 Re8 12. Qd2 e5 13. dxe5 dxe5 14. Bg5 Nc5 15. Qxd8 Raxd8 16. b4 Ne6 17. Bxf6 Bxf6 18. a4 c6 19. axb5 cxb5 20. Nd5 Bxd5 21. exd5 Nc7 22. Nd2 e4 23. Ra3 Rxd5 24. Nxe4 Bd4 25.
Rd3 f5 26. Rxd4 Rxd4 27. Nf6+ Kf7 28. Nxe8 Nxe8 29. c3 Rd6 30. c4 bxc4 31. Bxc4+ Kf8 32. f4 Nc7 33. Kf2 Rd4 34. Rc1 Rxf4+ 35. Ke3 Re4+ 36. Kd3 Ke7 37. Bg8 Kd6 38. Bxh7 Rxb4 39. Bxg6 f4 40. Be4 Ne6 41. Bf3 Ke5 42. Rc6 Rb3+ 43. Kc4 Re3 44. Bg4 Ng5 45. Rc5+ Kf6 46. Rf5+ Kg6 47. Ra5 Re4+ 48. Kd3 Re7 49. Rxa6+ Kg7 50. Ra4 Re3+ 51. Kd2 Ne4+ 52. Kc2 Rc3+ 53. Kb2 Re3 54. Bf3 Ng5 55.
Rxf4 Nxf3 56. gxf3 Re2+ 57. Kc3 Rh2 58. h4 Kg6 59. Kd4 Ra2 60. Ke3 Ra3+ 61. Kf2 Rb3 62. Kg3 Ra3 63. Ra4 Rxa4 0-1

[Event "*** Titled Tuesday Blitz"]
[Site "Chess.com"]
[Date "2020.04.14"]
[Round "9"]
[White "MosheFriedland"]
[Black "Mr_Sinigami"]
[Result "1-0"]
[WhiteElo "2474"]
[BlackElo "2559"]
[TimeControl "180+1"]
[EndTime "11:44:08 PDT"]
[Termination "MosheFriedland won by resignation"]

1. e4 c5 2. Nf3 Nc6 3. d4 cxd4 4. Nxd4 Nf6 5. Nc3 e5 6. Ndb5 d6 7. Bg5 a6 8. Na3 b5 9. Nd5 Be7 10. Bxf6 Bxf6 11. c4 b4 12. Nc2 a5 13. g3 Bg5 14.
Bg2 O-O 15. O-O Ne7 16. b3 Bb7 17. Nde3 Bxe3 18. Nxe3 Qb6 19. Qd3 a4 20. Rad1 Rfd8 21. f4 axb3 22. axb3 Nc6 23. Kh1 Nd4 24. Nc2 Nxc2 25.
Qxc2 Qe3 26. Rd3 Bxe4 27. Rxe3 Bxc2 28. Bxa8 Rxa8 29. fxe5 dxe5 30. Rc1 Ra2 31. c5 f6 32. Re2 Bxb3 33. Rxa2 Bxa2 34. c6 Be6 35. c7 Bc8 36.
Rd1 Kf7 37. Rd8 Bb7+ 38. Kg1 Ke6 39. c8=Q+ Bxc8 40. Rxc8 Kd5 41. Kf2 Kd4 42. Ke2 g5 43. Kd2 f5 44. Rb8 Kc4 45. Rc8+ Kd4 46. Rf8 f4 47.
Rf5 e4 48. gxf4 e3+ 49. Ke2 b3 50. Rb5 gxf4 51. Rxb3 Kc4 52. Rb8 h5 53. Rf8 1-0

[Event "*** Titled Tuesday Blitz"]
[Site "Chess.com"]
[Date "2020.04.14"]
[Round "9"]
[White "MacDaddyMac"]
[Black "talman67"]
[Result "0-1"]
[WhiteElo "2290"]
[BlackElo "2517"]
[TimeControl "180+1"]
[EndTime "11:44:08 PDT"]
[Termination "talman67 won by resignation"]

1. e4 e5 2. Nf3 Nc6 3. Bb5 a6 4. Ba4 Nf6 5. Nc3 b5 6. Bb3 Bc5 7. d3 d6 8. Nd5 h6 9. c3 Rb8 10. Be3 Bxe3 11. fxe3 Nxd5 12. Bxd5 Ne7 13. O-O O-O 14. Bb3 Ng6 15. Qe1 Kh7 16. Qg3 Be6 17. Bxe6 fxe6 18. d4 exd4 19. exd4 Qe7 20. Rae1 Rf4 21.
Nd2 Rbf8 22. Rxf4 Rxf4 23. Rf1 Rxf1+ 24. Nxf1 c5 25. Qe3 cxd4 26. cxd4 Qc7 27. Qc3 Qxc3 28. bxc3 Nf4 29. Kf2 d5 30. e5 b4 31. cxb4 Nd3+ 32. Ke3 Nxb4 33. a4 g5 34. Nd2 Nc2+ 35. Kd3 Ne1+ 36.
Kc3 Nxg2 37. Nb3 g4 38. Nc5 a5 39. Nxe6 h5 40. Nc7 Nf4 41. e6 Ng6 42. Nxd5 Kg7 43. Kd3 h4 44. Ke4 h3 45. Nf4 Nh4 46.
Ne2 Nf3 47. Kf4 Nxh2 48. Ng3 Kf6 49. d5 Nf3 50. Kxg4 Ng1 51. Kf4 h2 52. Ke4 Ne2 53. Nh1 Nc3+ 54. Kd4 Nxa4 55. Kc4 Nb6+ 56. Kc5 a4 57. Kxb6 a3 58. d6 Kxe6 59. Kc7 a2 60. d7 a1=Q 61. d8=Q Qa5+ 62. Kc8 Qxd8+ 63. Kxd8 Ke5 64. Kd7 Ke4 65. Ke6 Kf3 66. Ke5 Kg2 67.
Ng3 Kxg3 0-1

[Event "*** Titled Tuesday Blitz"]
[Site "Chess.com"]
[Date "2020.04.14"]
[Round "9"]
[White "Ovsiannikov_Maxim"]
[Black "MrChessSponge"]
[Result "0-1"]
[WhiteElo "2221"]
[BlackElo "2394"]
[TimeControl "180+1"]
[EndTime "11:44:11 PDT"]
[Termination "MrChessSponge won by resignation"]

1. d4 Nf6 2. Bg5 d5 3. Nc3 c5 4. dxc5 Nc6 5. Nf3 e6 6. e4 d4 7. e5 h6 8. exf6 hxg5 9. fxg7 Bxg7 10. Ne4 Qd5 11. Nd6+ Ke7 12. Bc4 Qxc5 13. Nxf7 Kxf7 14. Nxg5+ Qxg5 15. Qf3+ Qf6 16. Qe4 Qe5 17. Qxe5 Nxe5 18. Be2 Bd7 19. f4 Ng6 20. O-O Ne7 21. Bc4 Bc6 22. f5 Bd5 23. fxe6+ Kg6 24. Bd3+ Kh6 25.
Rf7 Rae8 26. Raf1 Bxe6 27. R7f6+ Bxf6 28. Rxf6+ Kg7 29. Rxe6 Rh6 30. Re4 Rd6 31. Rg4+ Kf6 32.
h4 Rg8 33. Rf4+ Kg7 34. g4 Ng6 35. Re4 Nxh4 36. Re7+ Kf6 37. Rxb7 Rxg4+ 38. Kf2 Nf5 39. Rxa7 Rf4+ 40. Kg2 Ke5 41. Ra5+ Rd5 42. Ra8 Ne3+ 43. Kg3 Rf6 44. Re8+ Re6 45. Rg8 Kd6 46. b4 Re7 47. b5 Ree5 48. Rg6+ Kc5 49. Rc6+ Kb4 50. b6 Rg5+ 51. Kf4 Rg4+ 52. Kf3 Rg7 53. Rf6 Rdd7 54. Ke4 Rge7+ 55. Kf3 Rf7 56. Rxf7 Rxf7+ 57. Ke4 Rb7 58. Kxd4 Nd1 59. c3+ Nxc3 60. a4 Kb3 61. a5 Kb4 62. Ba6 Rd7+ 63. Ke5 Kxa5 64. b7 Rd8 65. Bf1 Kb6 66.
Bg2 Nb5 67. Ke6 Kc7 68. Ke7 Rb8 69. Ke6 Nd6 70. Kd5 Nxb7 71. Kc4 Rd8 72. Kb5 Rd6 73. Kc4 Nd8 74. Kc5 Rf6 75. Kc4 Rg6 76. Bf3 Rg5 77.
Kd4 Kd6 78. Ba8 Ne6+ 79. Ke3 Re5+ 80. Kf3 Ra5 81. Bb7 Ke5 82. Ke2 Rb5 83. Bc6 Nd4+ 0-1

[Event "*** Titled Tuesday Blitz"]
[Site "Chess.com"]
[Date "2020.04.14"]
[Round "9"]
[White "LizaSolovyova"]
[Black "przemekpiotrowski"]
[Result "0-1"]
[WhiteElo "2540"]
[BlackElo "2410"]
[TimeControl "180+1"]
[EndTime "11:44:13 PDT"]
[Termination "przemekpiotrowski won by checkmate"]

1. d4 c5 2. d5 e5 3. Nc3 d6 4.
e4 Be7 5. f4 exf4 6. Bxf4 Bg5 7. Bg3 Bh4 8. Nge2 Nd7 9. Qd3 Ne5 10. Qd1 Bg4 11. Qd2 Nc4 12. Qf4 h5 13. Bxh4 Qxh4+ 14. Ng3 Ne5 15. Bb5+ Kf8 16. O-O Ne7 17. Nf5 Qf6 18.
h3 Bxf5 19. exf5 a6 20. Bd3 h4 21. Rae1 Rh5 22. Ne4 Qxf5 23. Nxd6 Qxf4 24. Rxf4 Nxd5 25. Rfe4 f6 26. Bc4 Nb4 27. Bb3 b5 28. a3 Nbc6 29.
Bd5 Rd8 30. Bxc6 Rxd6 31. Bb7 Rg5 32. Kh1 Rd2 33. Rxh4 Rxc2 34. Rh8+ Ke7 35. b4 cxb4 36. axb4 Rb2 37. Ra8 Rxb4 38. Rxa6 Rb2 39. Ra7 Kd6 40. Be4 Kc5 41. Rc1+ Kb4 42. Rb7 Nc4 43. Bc6 Kc5 44. Bf3 Re5 45. Rxg7 Kd4 46. Rd7+ Ke3 47. Re1+ Kf2 48.
Rxe5 Nxe5 49. Rf7 Kg3 50. Rg7+ Kf2 51. Be4 Rb4 52. Bf5 Rf4 53. g4 b4 54. Rb7 Nf3 55.
Rc7 Rd4 56. Rc2+ Kg3 57. Rg2+ Kf4 58. Rf2 Rd1+ 59. Kg2 Rg1# 0-1

[Event "*** Titled Tuesday Blitz"]
[Site "Chess.com"]
[Date "2020.04.14"]
[Round "9"]
[White "1f3_2g41-0"]
[Black "Nafania1"]
[Result "0-1"]
[WhiteElo "2181"]
[BlackElo "2362"]
[TimeControl "180+1"]
[EndTime "11:44:14 PDT"]
[Termination "Nafania1 won by checkmate"]

1. e4 e6 2. d4 d5 3. Nc3 h6 4. Nf3 Nf6 5. exd5 exd5 6. Bd3 Bb4 7. Qe2+ Be6 8. O-O O-O 9. a3 Bxc3 10. bxc3 Nbd7 11.
Re1 c5 12. Nh4 Re8 13. Qf1 c4 14. Bf5 Ne4 15. Bxe4 dxe4 16. Rxe4 Nf6 17. Re1 Nd5 18.
Nf3 Nxc3 19. Bd2 Nd5 20. c3 Rc8 21. Ne5 Qc7 22. f4 f6 23. Ng6 Bf5 24. Nh4 Bd3 25. Qf3 Qd7 26. f5 Ne7 27. g4 Qc6 28. Qxc6 Nxc6 29. Ng2 Na5 30. Bf4 Nb3 31. Rxe8+ Rxe8 32. Re1 Rxe1+ 33. Nxe1 Be4 34. Kf2 b5 35. Ke3 Bd5 36. Nc2 a5 37. Bd6 Kf7 38. Ne1 g6 39. fxg6+ Kxg6 40. Kf4 Nd2 41. Bc7 a4 42. Ba5 Nb3 43.
Nc2 Nxa5 44. Ne3 Bb7 45. d5 Nb3 46. d6 Nc5 47. Nd5 Bxd5 48. Ke3 Be6 49. Kd4 Nd3 50. h3 Kf7 51. Ke3 Ke8 52. Kd4 Kd7 53. Ke4 Kxd6 54. Kf3 Ne5+ 55. Kg3 Kd5 56. Kh4 Nf7 57. Kh5 Ke5 58. Kg6 Ng5 59. h4 Nf3 60. Kxh6 Bxg4 61. Kg6 Nxh4+ 62. Kh6 Nf3 63. Kg6 Ne1 64. Kf7 Nc2 65.
Ke7 Nxa3 66. Kd8 Nc2 67. Kc7 b4 68. Kb6 bxc3 69. Kc5 a3 70. Kb5 a2 71. Kc5 a1=Q 72. Kb5 Qb2+ 73. Kc5 Qb4+ 74. Kc6 Bf3+ 75. Kc7 Qb7+ 76.
Kd8 Ke6 77. Ke8 Qb8# 0-1

[Event "*** Titled Tuesday Blitz"]
[Site "Chess.com"]
[Date "2020.04.14"]
[Round "9"]
[White "VerdeNotte"]
[Black "Superfelix"]
[Result "1/2-1/2"]
[WhiteElo "2666"]
[BlackElo "2557"]
[TimeControl "180+1"]
[EndTime "11:44:16 PDT"]
[Termination "Game drawn by stalemate"]

1. a3 b6 2. e4 Bb7 3. Nc3 g6 4. h4 h5 5. Nf3 Bg7 6. d4 d6 7. Bc4 e6 8. Ng5 Nf6 9. Qe2 Qe7 10. f3 Nc6 11. Be3 O-O-O 12. Ba6 Nd7 13. d5 Nd4 14. Bxb7+ Kxb7 15. Qd2 e5 16. a4 a5 17. Nb5 Nxb5 18. axb5 Ra8 19. Ke2 Bh6 20. Qc3 Nc5 21.
Bxc5 dxc5 22. Nh3 Qxh4 23. Qxe5 Rhe8 24. Qc3 Qg3 25. Nf2 Bf4 26. Qf6 Bd6 27. c3 c4 28.
Raf1 Re7 29. Rfg1 Bc5 30. Nd1 a4 31. Rh3 Qd6 32. Qxd6 cxd6 33. Re1 a3 34. bxa3 Rxa3 35. Kf1 Rb3 36. f4 Rxb5 37. Ne3 Rxe4 38. Rf3 Rxe3 39.
Rexe3 Bxe3 40. Rxe3 Rxd5 41. Re7+ Kc6 42. Ke2 Rd3 43. Rxf7 Rxc3 44. Rg7 Rg3 45. f5 Rg5 46. f6 Rf5 47. Rxg6 b5 48. Ke3 b4 49. Ke4 Rf1 50. Kd4 c3 51. Kd3 Rf2 52. g4 c2 53.
Rg8 Kc7 54. f7 c1=Q 55. f8=Q Rxf8 56. Rxf8 Qc3+ 57. Ke4 hxg4 58. Rf7+ Kc6 59. Rf8 Qc4+ 60. Ke3 Qc3+ 61. Ke4 Qe5+ 62. Kd3 g3 63. Kc4 Qe6+ 64. Kxb4 g2 65. Rf3 Qe1+ 66. Rc3+ Qxc3+ 67. Ka4 g1=Q 1/2-1/2

[Event "*** Titled Tuesday Blitz"]
[Site "Chess.com"]
[Date "2020.04.14"]
[Round "9"]
[White "INLOVEWITHF"]
[Black "anon219"]
[Result "0-1"]
[WhiteElo "2592"]
[BlackElo "2806"]
[TimeControl "180+1"]
[EndTime "11:44:17 PDT"]
[Termination "anon219 won by resignation"]

1. d4 Nf6 2. c4 e6 3. Nc3 Bb4 4. f3 d5 5. a3 Bxc3+ 6. bxc3 c6 7. Qc2 O-O 8. e4 dxe4 9. fxe4 e5 10. Nf3 exd4 11.
cxd4 Bg4 12. Be3 Re8 13. Bd3 c5 14. d5 Nbd7 15. O-O Bxf3 16. gxf3 Ne5 17. Kh1 Nh5 18.
Rad1 Qh4 19. Qg2 Nf4 20. Bxf4 Qxf4 21. Qg3 Qe3 22. f4 Qxg3 23. hxg3 Nxd3 24. Rxd3 Rxe4 25. d6 Rd8 26. Rd5 b6 27. d7 Kf8 28. Rfd1 Rxc4 29. Re5 Rd4 30. Rxd4 cxd4 31. Rd5 Ke7 32. Rxd4 Rxd7 33.
Re4+ Kf6 34. Re3 Rd2 35. Rc3 h5 36. Rc6+ Kf5 37. Rc7 Kg4 38. Rxf7 Kh3 39. Kg1 Rg2+ 40.
Kf1 Rxg3 41. Rxa7 g6 42. Kf2 Kg4 43. Rb7 Kxf4 44. Rxb6 Rf3+ 45. Kg2 Rg3+ 46. Kf2 h4 47.
Rb4+ Kg5 48. Rb5+ Kh6 49. a4 Ra3 50. a5 g5 51. Rb6+ Kh5 52. a6 Kg4 53. Rb4+ Kh3 54. Rb5 g4 55. Rb6 g3+ 56. Kf1 g2+ 57. Kf2 Ra2+ 58. Kf3 g1=Q 59. Rb3 Qg3+ 60. Ke4 Qxb3 0-1

[Event "*** Titled Tuesday Blitz"]
[Site "Chess.com"]
[Date "2020.04.14"]
[Round "9"]
[White "Sanan_Sjugirov"]
[Black "124chess"]
[Result "1-0"]
[WhiteElo "2823"]
[BlackElo "2636"]
[TimeControl "180+1"]
[EndTime "11:44:19 PDT"]
[Termination "Sanan_Sjugirov won by checkmate"]

1. d4 d5 2. Nf3 c6 3. Bf4 Qb6 4. Qc1 Bf5 5. e3 e6 6. Be2 Nd7 7. O-O Ngf6 8. h3 Rc8 9. c4 Be7 10. c5 Qd8 11. Nc3 O-O 12. b4 a6 13. Qb2 Ne4 14.
Bh2 Bf6 15. Rad1 Re8 16. Nxe4 Bxe4 17. Nd2 Bg6 18. f4 Ra8 19. Qc3 b6 20. cxb6 Qxb6 21. Nb3 Rec8 22. a3 h6 23. Qd2 Be7 24. Rc1 Nf6 25. Na5 Ne4 26. Qe1 Bh7 27. Bg3 Nd6 28.
Bh4 Bf8 29. Kh2 Nb5 30. Ra1 Be4 31. Qd2 Rab8 32. Rfc1 Ra8 33. Kg1 Rab8 34. Bf1 Ra8 35.
Be1 Rab8 36. Qd1 Be7 37. Nb3 Bf6 38. Nc5 Ra8 39. Nxe4 dxe4 40. Kh1 Be7 41. Qc2 f5 42. Bc4 Nc7 43. Qa2 Nd5 44. Bd2 Kh8 45. Rc2 Bf6 46. Rac1 g5 47. fxg5 Bxg5 48. Qb3 Rc7 49. Qa4 Rg8 50. Bxd5 exd5 51. Rxc6 Rxc6 52. Rxc6 Qb7 53. Qxa6 Qg7 54. Qb6 Bxe3 55. g4 Bxd2 56. Rc7 Qg5 57. Qb7 Qg6 58. Rc6 Qg5 59. Rc7 Rg7 60. Qc8+ Kh7 61.
Rxg7+ Kxg7 62. Qd7+ Kg6 63. Qe6+ Qf6 64. Qg8+ Qg7 65.
Qe6+ Kg5 66. Qxf5+ Kh4 67. Kg2 Qg5 68. Qf2# 1-0

[Event "*** Titled Tuesday Blitz"]
[Site "Chess.com"]
[Date "2020.04.14"]
[Round "9"]
[White "regular_legs"]
[Black "LuisFSiles"]
[Result "1-0"]
[WhiteElo "2521"]
[BlackElo "2315"]
[TimeControl "180+1"]
[EndTime "11:44:28 PDT"]
[Termination "regular_legs won on time"]

1. d4 Nf6 2. c4 g6 3. f3 Bg7 4.
e4 d6 5. Nc3 O-O 6. Be3 e5 7.
d5 Nh5 8. Qd2 f5 9. O-O-O Nd7 10. Bd3 a6 11. Nge2 Nc5 12. Bc2 b5 13. b4 Na4 14.
Nxa4 bxa4 15. Bxa4 Bd7 16. Bb3 Rb8 17. Kc2 fxe4 18. fxe4 Qh4 19. Kd3 Nf6 20. Ng3 Nxe4 21. Nxe4 Bf5 22. Kc3 Bxe4 23. Kb2 Bf5 24. Ka3 e4 25.
Rdf1 Qe7 26. h3 Bd7 27. Rxf8+ Qxf8 28. Bd4 Re8 29. Bxg7 Qxg7 30. Re1 Qe5 31. Re3 h5 32. Bc2 Bf5 33. g4 hxg4 34. hxg4 Bxg4 35. Rxe4 Qxe4 36. Bxe4 Rxe4 37. Kb3 Be2 38. c5 Bc4+ 39. Kc3 Bb5 40.
c6 Kf7 41. Qh6 Kf6 42. Qf8+ Ke5 43. Qg7+ Kxd5 44. Qxc7 Bxc6 45. Qa5+ Bb5 46. a4 Rc4+ 47. Kd2 Rd4+ 48. Ke3 Rd3+ 49. Kf4 Kc4 50. axb5 axb5 51.
Kg5 Rb3 52. Qc7+ Kxb4 53. Qxd6+ Kc4 54. Qe6+ Kc3 55. Qe3+ Kc4 56. Qe4+ Kc3 57. Kxg6 b4 58. Kf5 Rb2 59. Qc6+ Kd2 60. Ke4 b3 61. Kd4 Rc2 62.
Qg2+ Kc1 63. Qg1+ Kb2 64. Qd1 Rc8 65. Qd2+ Rc2 66. Qa5 Rc1 67. Kd3 1-0

[Event "*** Titled Tuesday Blitz"]
[Site "Chess.com"]
[Date "2020.04.14"]
[Round "9"]
[White "IsaacWiebe"]
[Black "Hasangatin_Ramil"]
[Result "0-1"]
[WhiteElo "2196"]
[BlackElo "2509"]
[TimeControl "180+1"]
[EndTime "11:44:28 PDT"]
[Termination "Hasangatin_Ramil won on time"]

1. d4 Nf6 2. c4 e6 3. Nc3 c5 4. d5 exd5 5. cxd5 Bd6 6. Nf3 Bc7 7. Bg5 d6 8. e3 a6 9. a4 Nbd7 10. Bd3 Nf8 11. O-O h6 12. Bh4 Ng6 13. Bg3 Nh5 14.
Qc2 Nxg3 15. hxg3 Ne7 16. Nd2 O-O 17. Nc4 Bd7 18. a5 Bb5 19. Qb3 Qd7 20. e4 Ng6 21.
f4 Rfe8 22. Bc2 Bxc4 23. Qxc4 Qd8 24. Qa4 Qf6 25. Rac1 Qd4+ 26. Qxd4 cxd4 27. Ne2 Bxa5 28. Rfd1 Rac8 29. Ba4 b5 30. Bb3 Bb6 31. Rxc8 Rxc8 32. Nxd4 a5 33. Kf1 a4 34. Ba2 b4 35. Nc6 b3 36.
Bb1 Ra8 37. Bd3 Bc5 38. Rb1 Kf8 39. Ke2 Ne7 40. Bb5 Nxc6 41. Bxc6 Ra5 42. Kd3 Ke7 43.
Ra1 a3 44. bxa3 Rxa3 45. Rxa3 Bxa3 46. Kc3 b2 47. Kc2 Kf6 48. Bb5 g5 49. Bd3 Bc5 50. Kxb2 Bf2 51. Kc2 Bxg3 52. f5 Ke5 53. Kd2 Kf4 54.
Ke2 f6 55. Bc2 g4 56. Bd3 h5 57. Bc2 h4 58. Bd3 Ke5 59. Bc2 Bf4 60. Bb1 Bg5 61.
Kf2 Kf4 62. Bd3 Bh6 63. Bc2 Bf8 64. Bb1 Be7 65. Bc2 Bd8 66. Ke2 Bb6 67. Kf1 Kg3 0-1

[Event "*** Titled Tuesday Blitz"]
[Site "Chess.com"]
[Date "2020.04.14"]
[Round "9"]
[White "LogoCzar"]
[Black "erlesfar"]
[Result "1-0"]
[WhiteElo "2430"]
[BlackElo "2251"]
[TimeControl "180+1"]
[EndTime "11:44:29 PDT"]
[Termination "LogoCzar won by checkmate"]

1. d4 Nf6 2. Nf3 c5 3. e3 d5 4.
c3 Nc6 5. Nbd2 g6 6. Bb5 Bg7 7. O-O O-O 8. Bxc6 bxc6 9. dxc5 Nd7 10. Nb3 e5 11. e4 dxe4 12. Nfd2 f5 13. Re1 Ba6 14.
f3 Qe7 15. fxe4 Nxc5 16. exf5 gxf5 17. Nf3 Rad8 18. Bg5 Bf6 19. Bxf6 Qxf6 20. Nxc5 Rxd1 21. Raxd1 Bc8 22. Nxe5 f4 23. Ncd7 Bxd7 24. Nxd7 Qf5 25. Nxf8 Kxf8 26. Rd4 f3 27. gxf3 Kg7 28. Kf2 Qc2+ 29.
Re2 Qb1 30. a3 a5 31. Rd7+ Kf6 32. Rd6+ Kf5 33. Rxc6 Qh1 34. Rc5+ Kf6 35. Rxa5 Qxh2+ 36. Ke3 Qg1+ 37. Kd2 Qg3 38. Rae5 Qxf3 39. Re6+ Kf7 40. Re7+ Kf8 41. R7e3 Qf4 42. Ke1 Qh4+ 43. Rf2+ Kg7 44. Ke2 h5 45. Rg2+ Kh8 46. Re8+ Kh7 47. Re3 Qf4 48. Rh3 Qe4+ 49. Kf2 Qf4+ 50. Kg1 Qc1+ 51. Kh2 Qf4+ 52. Kg1 Qc1+ 53. Kf2 Qf4+ 54. Rf3 Qd2+ 55.
Kg3 Qg5+ 56. Kh3 Qd5 57. Rfg3 Qf5+ 58. Kh4 Qd5 59. Rg7+ Kh8 60. R7g5 Qe4+ 61. Kxh5 Qf3+ 62. Kh4 Qf4+ 63. Kh3 Qf3+ 64. Kh2 Qf4+ 65. R5g3 Qe5 66. a4 Qf4 67. a5 Qd6 68. a6 Kh7 69. a7 Qf4 70.
a8=Q Qxg3+ 71. Rxg3 Kh6 72. Qh8# 1-0